 Dungeon Crawl Stone Soup version 0.21.1-1-g345015f (webtiles) character file.

26 diana the Ruffian (level 2, -1/24 HPs)
             Began as a Draconian Transmuter on June 5, 2018.
             Slain by a quokka (2 damage)
             ... on level 2 of the Dungeon.
             The game lasted 00:01:04 (509 turns).

diana the Ruffian (Draconian Transmuter)             Turns: 509, Time: 00:01:05

Health: -1/24      AC:  4    Str: 12    XL:     2   Next: 89%
Magic:  4/5        EV: 12    Int: 13    God:
Gold:   45         SH:  0    Dex: 11    Spells: 4/5 levels left

rFire    . . .     SeeInvis .     - Unarmed
rCold    . . .     Gourm    .   (no shield)
rNeg     . . .     Faith    .   (armour unavailable)
rPois    .         Spirit   .   (helmet restricted)
rElec    .         Reflect  .   (no cloak)
rCorr    .         Harm     .   (no gloves)
MR       .....                  (no boots)
Stlth    +.........             (no amulet)
HPRegen  0.08/turn              (no ring)
MPRegen  0.09/turn              (no ring)

@: lethally poisoned (-1 -> -5), appendage, flying
A: unfitting armour, horns 2, cold-blooded, AC +4
a: End Transformation


You were on level 2 of the Dungeon.
You were not hungry.
You had grown temporary horns.
You visited 1 branch of the dungeon, and saw 2 of its levels.

You collected 45 gold pieces.

Inventory:

Missiles
 a - 53 arrows
Jewellery
 e - a +4 ring of intelligence {unknown}
 i - an uncursed amulet of regeneration {unknown}
 j - an uncursed amulet of guardian spirit {unknown}
Wands
 l - a wand of acid (9)
Scrolls
 h - 2 scrolls of identify {unknown}
 k - a scroll of teleportation {unknown}
Potions
 f - a potion of haste {unknown}
 g - a potion of curing {unknown}
Books
 b - a book of Changes

   Spells                             Type                      Level
   a - Beastly Appendage              Transmutation                1
   b - Sticks to Snakes               Transmutation                2
   c - Spider Form                    Transmutation/Poison         3
   d - Ice Form                       Ice/Transmutation            4
   e - Blade Hands                    Transmutation                5
Comestibles
 c - 2 rations


   Skills:
 + Level 1.8 Fighting
 + Level 2.1 Dodging
 * Level 3.6 Unarmed Combat
 - Level 2.0 Spellcasting
 - Level 2.0 Transmutations


You had 4 spell levels left.
You knew the following spells:

 Your Spells              Type           Power        Failure   Level  Hunger
a - Beastly Appendage     Tmut           #.....       11%         1    ##.....


Dungeon Overview and Level Annotations

Branches:
Dungeon (2/15)

Altars:


Innate Abilities, Weirdness & Mutations

Your plain brown scales are hard. (AC +4)
You cannot fit into any form of body armour.
You are cold-blooded and may be slowed by cold attacks.
You have a pair of horns on your head.


Message History

The adder is severely wounded.
The adder completely misses you.
The quokka twitches its whiskers.
The adder bites you.
* * * LOW HITPOINT WARNING * * *
Casting: Beastly Appendage
Confirm with . or Enter, or press ? or * to list all spells.
You grow a pair of large bovine horns.
The adder bites you.
* * * LOW HITPOINT WARNING * * *
You are lethally poisoned!
The adder poisons you!
You miss the adder.
You kill the adder!
* * * LOW HITPOINT WARNING * * *
You feel sick.
The quokka bites you but does no damage.
It was a potion of flight.
You feel very buoyant.
You fly up into the air.
The quokka bites you.
You die...

#.#.#. ######+######
#.#.#. #...........#
#.#.#. . #...$.......#
#.#.#. .%##...$.......#
#.#.#. ...............#
#.#.## .........r.....#
#.#.## ........#r######
####'#... .......r#@#
#.......# ........#.#
#.......#
........#.########.......#
........#........'.......#
........##########.......#
........# #.......#
........# #.......#
........# #.......#
######### #.......+


You could see a quokka and a rat.

Vanquished Creatures
  An adder (D:2)
  2 leopard geckos (D:1)
  A bat (D:1)
  A giant cockroach (D:1)
  2 goblins
  A hobgoblin (D:1)
  2 jackals (D:1)
  A frilled lizard (D:1)
  3 rats (D:1)
14 creatures vanquished.

Notes
Turn   | Place    | Note
-------+----------+-------------------------------------------
     0 | D:1      | diana the Draconian Transmuter began the quest for the Orb.
     0 | D:1      | Reached XP level 1. HP: 16/16 MP: 3/3
   131 | D:1      | Reached XP level 2. HP: 23/23 MP: 5/5
   507 | D:2      | HP: 1/23 [adder (2)]
   509 | D:2      | Slain by a quokka

Skill      XL: |  1 |
---------------+----+-----
Dodging        | 2 |  2.1
Fighting       | |  1.8
Unarmed Combat | |  3.6
Spellcasting   | |  2.0
Transmutations | |  2.0

Action                   || total
-------------------------++-------
Melee: Unarmed           ||    55
       Tailslap          ||     4
 Cast: Beastly Appendage ||     1
  Use: Potion            ||     1
Armor: Skin              ||    17
Dodge: Dodged            ||    53
